 Dungeon Crawl Stone Soup version 0.30-a0-241-g1121274140 (webtiles) character file.

Game seed: 4347345914040062114

22 zishaf the Magician (level 3, -4/27 HPs)
             Began as a Djinni Venom Mage on Oct 10, 2022.
             Slain by a scorpion (6 damage)
             ... on level 2 of the Dungeon.
             The game lasted 00:02:06 (1191 turns).

zishaf the Magician (Djinni Venom Mage)             Turns: 1191, Time: 00:02:07

Health: -4/27      AC:  2    Str:  7    XL:     3   Next: 7%
Gold:   91         EV: 12    Int: 18    God:
                   SH:  0    Dex: 13

rFire   + + .      SeeInvis .    (no weapon)
rCold   x . .      Faith    .    (no shield)
rNeg    + . .      Spirit   .    a - +0 robe
rPois   ∞          Reflect  .    (no helmet)
rElec   .          Harm     .    (no cloak)
rCorr   .          Rampage  .    (no gloves)
Will    .....                    (boots unavailable)
Stlth   ++........               (no amulet)
HPRegen 0.24/turn                j - ring of positive energy
MPRegen 0.00/turn                (no ring)

@: flying, very slightly contaminated
A: sickness immunity, fire resistance 2, cold vulnerability 1, float, innate
caster, HP casting, extra vitality 1
a: no special abilities


You were on level 2 of the Dungeon.
You visited 1 branch of the dungeon, and saw 2 of its levels.

You collected 91 gold pieces.

Inventory:

Armour
 a - a +0 robe (worn)
Jewellery
 j - a ring of positive energy (left hand)
Scrolls
 b - 2 scrolls of fear {unknown}
 c - 2 scrolls of poison {unknown}
 d - 4 scrolls of identify {unknown}
 f - 2 scrolls of magic mapping {unknown}
 g - a scroll of vulnerability {unknown}
 h - a scroll of silence {unknown}
 i - a scroll of amnesia {unknown}
 k - a scroll of summoning {unknown}
 m - 2 scrolls of blinking {unknown}
Potions
 e - a potion of lignification {unknown}
 l - a potion of ambrosia {unknown}
 n - a potion of flight {unknown}
 o - a potion of mutation {unknown}
 p - a potion of might {unknown}
 q - a potion of heal wounds {unknown}


   Skills:
 + Level 1.2 Fighting
 - Level 2.1 Dodging
 - Level 1.5 Stealth
 * Level 3.0 Spellcasting


You couldn't memorise any spells.
You knew the following spells:

 Your Spells              Type           Power      Damage    Failure   Level
a - Sting                 Tmut/Pois      52%        1d5       4%          1
b - Poisonous Vapours     Pois/Air       26%        N/A       7%          2
c - Sandblast             Erth           26%        2d8       4%          1
z - Mephitic Cloud        Conj/Pois/Air  13%        N/A       14%         3
A - Olgreb's Toxic Radia  Pois           13%        N/A       43%         4
Your spell library was empty.

Dungeon Overview and Level Annotations

Branches:
Dungeon (2/15)

Altars:

Shops:
D:2 (


Innate Abilities, Weirdness & Mutations

You are immune to sickness and miasma.
You are immune to poison.
Your flesh is very heat resistant. (rF++)
You are vulnerable to cold. (rC-)
You float through the air rather than walking.
You learn spells naturally, not from books.
Your magical power is your life essence.
You have superior vitality. (+4 MHP)


Message History

The blast of sand misses the scorpion.
The scorpion completely misses you. The scorpion barely misses you.
Unknown command.
Casting: Sandblast (safe; 4% risk of failure)
Confirm with . or Enter, or press ? or * to list all spells.
Aiming: Sandblast (safe; 4% risk of failure)
Press: ? - help, Shift-Dir - straight line, f/p - scorpion
Aim: a scorpion (lightly wounded, 82% to hit)
The blast of sand hits the scorpion but does no damage.
The scorpion is lightly wounded.
The scorpion stings you.
Unknown command.
Casting: Sandblast (safe; 4% risk of failure)
Confirm with . or Enter, or press ? or * to list all spells.
Aiming: Sandblast (safe; 4% risk of failure)
Press: ? - help, Shift-Dir - straight line, f/p - scorpion
Aim: a scorpion (lightly wounded, 82% to hit)
You miscast Sandblast.
You are very lightly contaminated with residual magic.
Nothing appears to happen.
The scorpion stings you. x2
* * * LOW HITPOINT WARNING * * *
Casting: Sandblast (safe; 4% risk of failure)
Confirm with . or Enter, or press ? or * to list all spells.
Aiming: Sting (safe; 4% risk of failure)
Press: ? - help, Shift-Dir - straight line, f/p - scorpion
Aim: a scorpion (lightly wounded, 71% to hit)
You miscast Sting.
Nothing appears to happen.
* * * LOW HITPOINT WARNING * * *
The scorpion stings you.
* * * LOW HITPOINT WARNING * * *
Casting: Sting (safe; 4% risk of failure)
Confirm with . or Enter, or press ? or * to list all spells.
Aiming: Sting (safe; 4% risk of failure)
Press: ? - help, Shift-Dir - straight line, f/p - scorpion
Aim: a scorpion (lightly wounded, 71% to hit)
The sting hits the scorpion.
The scorpion is poisoned.
The scorpion is moderately wounded.
* * * LOW HITPOINT WARNING * * *
The scorpion stings you.
You die...

#.#######.## ........#.#
#.#.#.#.#.#
#..###..#.#############
#.## ##.........#.....#
##.###..#..####.#.....#
.##.#.#.#......†......#
.###.##.#######....<..#..
.# #.##.# #.@.......# .#
#.##.# #..s.......# .#
#.##.# #...).>?..## >#
#.##.# #........... .#
#.# .. .............
.###.# ####...#.#.###
..##.# ....#....#
8.##.### #.#....$..#
.###...# .#


You could see a scorpion (poisoned).

Vanquished Creatures
  A dart slug (D:1)
  2 ball pythons
  2 bats
  An endoplasm (D:2)
  4 goblins (D:1)
  2 hobgoblins (D:1)
  A quokka (D:1)
  A frilled lizard (D:1)
  3 kobolds
  3 rats (D:1)
20 creatures vanquished.

Notes
Turn   | Place    | Note
-------+----------+-------------------------------------------
     0 | D:1      | zishaf the Djinni Venom Mage began the quest for the Orb.
     0 | D:1      | zishaf set off with the following spells memorised: Sting,
                  | Poisonous Vapours, Mephitic Cloud, Olgreb's Toxic Radiance.
     0 | D:1      | Reached XP level 1. HP: 15/15 MP: 0/0
   288 | D:1      | Reached XP level 2. HP: 21/22 MP: 0/0
   553 | D:1      | Reached skill level 1 in Fighting
   913 | D:2      | Reached XP level 3. HP: 26/27 MP: 0/0
   913 | D:2      | Learned a level 1 spell: Sandblast
  1100 | D:2      | Found Ynkupraz's Antique Weapon Shop.
  1179 | D:2      | Noticed a scorpion
  1186 | D:2      | Reached skill level 3 in Spellcasting
  1191 | D:2      | Slain by a scorpion

Illustrated notes

Levels and vault maps discovered:
D:1:      lightli_iron_boxes, layout_basic, minmay_hexomino_c4
D:2:      layout_loops_ring, serial_shops, nicolae_shop_statue_plus,
          chequers_garden, chequers_serial_rivers_room_b

Skill      XL: |  1  2  3 |
---------------+----------+-----
Fighting       | 1 |  1.2
Spellcasting   | 3 |  3.0
Dodging        | |  2.1
Stealth        | |  1.5

Action                   || total
-------------------------++-------
Melee: Unarmed           ||     3
 Cast: Sting             ||    37
       Sandblast         ||     3
Armor: Robe              ||     4
Dodge: Dodged            ||    11

Table legend: (Time is in decaauts)
 A = Elapsed time spent in this place.
 B = Non-inter-level travel time spent in this place.
 C = Inter-level travel time spent in this place.
 D = Time resting spent in this place.
 E = Time spent auto-exploring this place.
 F = Levels seen in this place.
 G = Mean time per level.
                   A        B        C        D        E       F      G
               +--------+--------+--------+--------+--------+-----+--------+
         Total |   1191 |   1130 |     61 |      0 |    988 |   2 |  595.5 |
       Dungeon |   1191 |   1130 |     61 |      0 |    988 |   2 |  595.5 |
               +--------+--------+--------+--------+--------+-----+--------+

Top non-repeatable levels by time:
     D:1: 882 daAuts
     D:2: 309 daAuts
